 Dungeon Crawl Stone Soup version 0.30-a0-374-g95c0257040 (webtiles) character file.

Game seed: 10494381535349489909

151 KennySheep the Shooter (level 4, -2/39 HPs)
             Began as a Demigod Hunter on Nov 25, 2022.
             Slain by a gnoll bouda
             ... wielding a +0 whip
              (12 damage)
             ... on level 3 of the Dungeon.
             The game lasted 00:03:48 (2426 turns).

KennySheep the Shooter (Demigod Hunter)             Turns: 2426, Time: 00:03:48

Health: -2/39      AC:  4    Str: 12    XL:     4   Next: 85%
Magic:  6/6        EV: 12    Int: 11    God:
Gold:   157        SH:  0    Dex: 21    Spells: 3/3 levels left

rFire   . . .      SeeInvis .    a - +0 shortbow
rCold   . . .      Faith    .    (shield currently unavailable)
rNeg    . . .      Spirit   .    c - +0 leather armour
rPois   .          Reflect  .    j - +0 helmet
rElec   .          Harm     .    (no cloak)
rCorr   .          Rampage  .    (no gloves)
Will    .....                    (no boots)
Stlth   ++........               (no amulet)
HPRegen 0.26/turn                (no ring)
MPRegen 0.10/turn                (no ring)

@: no status effects
A: high MP 1, forlorn, divine attributes
a: no special abilities


You were on level 3 of the Dungeon.
You visited 1 branch of the dungeon, and saw 4 of its levels.

You collected 157 gold pieces.

Inventory:

Hand Weapons
 a - a +0 shortbow (weapon)
Armour
 c - a +0 leather armour (worn)
 j - a +0 helmet (worn)
Jewellery
 n - a ring of wizardry
Wands
 p - a wand of iceblast (10)
Scrolls
 b - a scroll of immolation
 e - a scroll of teleportation
 g - 4 scrolls of identify
 m - a scroll of enchant armour {unknown}
Potions
 d - a potion of might {unknown}
 f - 3 potions of curing
 h - 2 potions of attraction {unknown}
 i - a potion of flight {unknown}
 k - a potion of heal wounds {unknown}
 l - a potion of magic {unknown}
 o - a potion of haste {unknown}


   Skills:
 + Level 3.6 Fighting
 + Level 4.8 Ranged Weapons
 - Level 1.7 Dodging
 - Level 0.8 Stealth


You had 3 spell levels left.
You didn't know any spells.
Your spell library contained the following spells:

 Spells                   Type           Power      Damage    Failure   Level
 Freeze                   Ice            0%         1d3       41%         1
 Frozen Ramparts          Ice            0%         1d1       80%         3
 Gell's Gravitas          Tloc           0%         N/A       80%         3
 Hailstorm                Conj/Ice       0%         3d3       80%         3
 Lesser Beckoning         Tloc           0%         N/A       80%         3
 Teleport Other           Tloc           0%         N/A       80%         3
 Alistair's Intoxication  Tmut/Pois      0%         N/A       100%        5
 Borgnjor's Vile Clutch   Necr/Erth      0%         N/A       100%        5
 Eringya's Noxious Bog    Tmut/Pois      0%         N/A       100%        6


Dungeon Overview and Level Annotations

Branches:
Dungeon (4/15)
 Temple: D:4-7

Shops:
D:1 [


Innate Abilities, Weirdness & Mutations

You have an increased reservoir of magic. (+10% MP)
You shall have no god before yourself.
Your divine heritage dramatically boosts your attributes as you level up.


Message History

The gnoll bouda gazes fiercely through you!
You feel your attacks grow feeble. The gnoll attacks as you move away!
The gnoll hits you with a +0 club. The gnoll attacks as you move away!
The gnoll hits you with a +0 club. The gnoll hits you with a +0 club!
You shoot an arrow. The arrow barely misses the gnoll.
The gnoll bouda calls upon its god to heal the gnoll.
The gnoll's wounds heal themselves!
The gnoll hits you with a +0 club.
You shoot an arrow. The arrow hits the gnoll!
The gnoll is severely wounded.
The gnoll closely misses you.
You shoot an arrow. The arrow hits the gnoll.
The gnoll is almost dead.
The gnoll closely misses you.
The gnoll bouda hits you with a +0 whip!
* * * LOW HITPOINT WARNING * * *
The gnoll barely misses you.
You shoot an arrow.
The arrow barely misses the gnoll bouda.
The arrow hits the gnoll but does no damage.
The gnoll is almost dead.
Your attacks no longer feel as feeble.
The gnoll bouda calls upon its god to heal the gnoll.
The gnoll is healed somewhat.
You shoot an arrow.
The arrow completely misses the gnoll bouda.
The arrow hits the gnoll.
The gnoll is almost dead.
The gnoll bouda misses you.
The gnoll bouda calls upon its god to heal the gnoll.
The gnoll is healed somewhat.
You shoot an arrow. The arrow hits the gnoll bouda!
The gnoll bouda is heavily wounded.
The gnoll bouda closely misses you.
You shoot an arrow.
The arrow completely misses the gnoll bouda.
The arrow hits the gnoll!
You kill the gnoll!
The gnoll bouda hits you with a +0 whip!
You die...

#.#######.##.#.....
#.........####..##.
###..<....######.....
###...#####.#........##
#...#.....#.#.#...#)..#
#......########.#....##
#...#..####.....#......
#...#..##p#._...#...###
#.....@####...........#
#...##g########.###)###
#...##).....###.....#..
#...##.......[)######.#
#######.........#####.#
#.........#..##..
#.........##...##
#.........##>....
####...####.....#


You could see a gnoll bouda.

Vanquished Creatures
  2 orc priests (D:3)
  Natasha (D:2)
  2 gnolls
  2 worms (D:3)
  3 dart slugs
  6 orcs (D:3)
  4 bats
  2 endoplasms
  A giant cockroach (D:3)
  A goblin (D:2)
  5 hobgoblins
  A quokka (D:3)
  5 ball pythons (D:2)
  A frilled lizard (D:1)
  4 kobolds
  4 rats
44 creatures vanquished.

Vanquished Creatures (others)
  A human (D:3)
1 creature vanquished.

Grand Total: 45 creatures vanquished

Notes
Turn   | Place    | Note
-------+----------+-------------------------------------------
     0 | D:1      | KennySheep the Demigod Hunter began the quest for the Orb.
     0 | D:1      | Reached XP level 1. HP: 17/17 MP: 3/3
   128 | D:1      | Found Idoiqubi's Antique Armour Boutique.
   203 | D:1      | Reached XP level 2. HP: 24/24 MP: 4/4
   449 | D:1      | Reached skill level 4 in Ranged Weapons
  1256 | D:2      | Reached XP level 3. HP: 30/30 MP: 5/5
  1383 | D:2      | Noticed Natasha
  1739 | D:2      | Killed Natasha
  1969 | D:3      | Reached XP level 4. HP: 24/38 MP: 6/6
  2075 | D:3      | Noticed a human
  2079 | D:3      | Killed a human
  2426 | D:3      | Slain by a gnoll bouda

Illustrated notes

Levels and vault maps discovered:
D:1:      dpeg_arrival_arbitrary_b, layout_basic, serial_shops,
          nicolae_shop_waterfront
D:2:      layout_basic, uniq_natasha
D:3:      layout_basic, ashenzari_conservatory_becter, trog_book,
          tgw_kikubaaqudgha
D:4:      layout_rooms, grunt_temple_overflow_holy_war,
          grunt_decor_mini_mirrors, lightli_corner_chamber, uniq_robin,
          uniq_menkaure

Skill      XL: |  1  2  3 |
---------------+----------+-----
Fighting       | 2 3 |  3.6
Ranged Weapons | 4 |  4.8
Dodging        | |  1.7
Stealth        | |  0.8

Action                   |  1- 3 |  4- 6 || total
-------------------------+-------+-------++-------
 Fire: Shortbow          |    84 |    58 ||   142
  Use: Scroll            |     3 |       ||     3
Armor: Leather armour    |     4 |       ||     4
Dodge: Dodged            |    19 |    18 ||    37

Table legend: (Time is in decaauts)
 A = Elapsed time spent in this place.
 B = Non-inter-level travel time spent in this place.
 C = Inter-level travel time spent in this place.
 D = Time resting spent in this place.
 E = Time spent auto-exploring this place.
 F = Levels seen in this place.
 G = Mean time per level.
                   A        B        C        D        E       F      G
               +--------+--------+--------+--------+--------+-----+--------+
         Total |   2471 |   2392 |     79 |    239 |   1824 |   4 |  617.8 |
       Dungeon |   2471 |   2392 |     79 |    239 |   1824 |   4 |  617.8 |
               +--------+--------+--------+--------+--------+-----+--------+

Top non-repeatable levels by time:
     D:2: 1183 daAuts
     D:1: 749 daAuts
     D:3: 535 daAuts
     D:4: 1 daAuts
